AoeStats
← Huskarls4

Black Forest

503608958Analyzed
4v4 RM · 3mo ago on Sep 1, 2026· 48m 16s· 8 players
Game mode
Random Map
Map size
Large (8 player)
Population
200
Speed
Normal
Resources
Standard
Victory
Conquest
Starting age
Dark Age
Ending age
Imperial Age
RankedLock teamsTeams togetherTeam positionsShared explorationLock speedFull tech treeHidden civsTurbo modeCheats
Victory
Defeat
🇭🇰 Japanese · Hong Kong SAR China
1586
+14
🇧🇷 Khmer · Brazil
1575
+14
🇹🇼 Mongols · Taiwan
1538
+16
🇹🇼 Teutons · Taiwan
1423
+21
vs
🇨🇳 Italians · China
1560
-17
🇬🇧 Poles · United Kingdom
1530
-16
🇹🇷 Britons · Türkiye
1528
-16
🇮🇳 Bohemians · India
1522
-16
Huskarls4
10:21 Feudal Age
15:27 Castle Age
13:49 Double-Bit Axe
14:42 Horse Collar
24:18 Bow Saw
24:12 Heavy Plow
25:37 Wheelbarrow
26:33 Hand Cart
30:06 Imperial Age
28:39 Scale Barding Armor
28:45 Forging
28:46 Husbandry
28:56 Bloodlines
29:18 Caravan
29:47 Szlachta Privileges
29:43 Town Watch
30:37 Chain Barding Armor
30:52 Iron Casting
30:11 Cavalier
31:19 Conscription
31:37 Crop Rotation
31:14 Fletching
31:01 Capped Ram
32:58 Bodkin Arrow
34:04 Blast Furnace
34:10 Chemistry
33:00 Siege Ram
33:20 Light Cavalry
34:24 Lechitic Legacy
34:08 Bracer
34:22 Masonry
34:26 Winged Hussar
36:00 Treadmill Crane
36:41 Ballistics
41:18 Hoardings
41:03 Elite Obuch
42:03 Scale Mail Armor
42:06 Squires
41:52 Arson
kerwin
1:24 Loom
16:04 Feudal Age
17:09 Double-Bit Axe
19:35 Castle Age
17:56 Horse Collar
20:34 Bow Saw
26:44 Imperial Age
26:19 Chemistry
28:08 Wheelbarrow
31:15 Fletching
32:08 Bodkin Arrow
35:04 Ballistics
38:58 Fortified Wall
42:25 Bracer
MeHawK
0:50 Loom
10:33 Feudal Age
19:37 Castle Age
17:57 Double-Bit Axe
26:11 Imperial Age
24:08 Fletching
24:13 Horse Collar
27:39 Wheelbarrow
28:56 Bodkin Arrow
31:58 Bow Saw
32:28 Onager
34:04 Conscription
33:35 Town Watch
37:01 Chemistry
36:20 Hand Cart
37:02 Scale Mail Armor
37:12 Forging
38:05 Two-Man Saw
40:54 Ballistics
40:45 Masonry
40:42 Caravan
41:07 Silk Road
41:26 Elite Genoese Crossbowman
42:08 Bracer
42:09 Padded Archer Armor
44:31 Thumb Ring
45:33 Pirotechnia
46:17 Leather Archer Armor
47:55 Squires
47:40 Arson
48:12 Chain Mail Armor
hirax34
0:31 Loom
11:02 Feudal Age
15:03 Castle Age
13:36 Double-Bit Axe
13:52 Gold Mining
13:54 Fletching
15:04 Horse Collar
20:16 Bow Saw
23:06 Heavy Plow
24:36 Wheelbarrow
24:59 Stone Mining
29:41 Imperial Age
27:56 Gold Shaft Mining
28:15 Hand Cart
28:56 Ballistics
28:33 Bodkin Arrow
28:43 Padded Archer Armor
30:11 Leather Archer Armor
31:30 Chemistry
31:04 Conscription
31:59 Two-Man Saw
30:51 Town Watch
31:57 Siege Engineers
32:02 Masonry
31:41 Elite Longbowman
33:20 Warwolf
34:19 Bracer
34:50 Ring Archer Armor
35:07 Yeomen
37:13 Architecture
39:40 Caravan
41:29 Murder Holes
41:24 Guard Tower
41:17 Treadmill Crane
42:06 Fortified Wall
41:37 Treadmill Crane
41:53 Murder Holes
41:49 Guard Tower
43:14 Elite Skirmisher
44:29 Town Patrol
46:43 Keep
45:54 Arrowslits
快樂 543
0:32 Loom
10:04 Feudal Age
11:25 Fletching
12:51 Double-Bit Axe
13:42 Town Watch
16:31 Horse Collar
24:24 Castle Age
22:19 Gold Mining
22:20 Stone Mining
25:26 Bow Saw
25:19 Heavy Plow
28:07 Wheelbarrow
28:49 Fortified Wall
32:39 Imperial Age
31:22 Bodkin Arrow
33:08 Padded Archer Armor
33:44 Ballistics
34:07 Leather Archer Armor
34:54 Chemistry
33:49 Elite Skirmisher
33:50 Crossbowman
35:12 Scale Mail Armor
36:24 Forging
36:52 Squires
36:37 Arson
36:38 Gambesons
37:10 Pikeman
37:36 Arson
38:58 Chain Mail Armor
39:18 Iron Casting
38:55 Cavalier
39:46 Bloodlines
40:41 Scale Barding Armor
44:45 Halberdier
46:48 Plate Mail Armor
46:54 Chain Barding Armor
年紀大的多為老年人
2:14 Loom
14:20 Feudal Age
14:51 Double-Bit Axe
18:33 Castle Age
16:55 Horse Collar
17:12 Double-Bit Axe
17:37 Horse Collar
19:34 Bow Saw
23:28 Fletching
25:03 Town Watch
26:38 Wheelbarrow
30:23 Imperial Age
30:29 Imperial Age
31:14 Yasama
31:32 Siege Engineers
31:34 Guard Tower
31:51 Bodkin Arrow
32:42 Masonry
36:04 Elite Skirmisher
37:41 Yasama
38:06 Bracer
38:55 Padded Archer Armor
39:58 Padded Archer Armor
41:42 Leather Archer Armor
43:23 Ring Archer Armor
43:44 Fortified Wall
44:12 Keep
45:16 Chemistry
46:02 Thumb Ring
46:14 Treadmill Crane
46:55 Ballistics
46:32 Arrowslits
46:22 Capped Ram
47:34 Hand Cart
李歐
10:51 Feudal Age
11:47 Double-Bit Axe
11:57 Horse Collar
14:40 Castle Age
15:31 Bow Saw
15:39 Heavy Plow
20:16 Loom
21:07 Wheelbarrow
21:50 Stone Mining
22:38 Gold Mining
28:35 Imperial Age
26:13 Fletching
26:52 Bodkin Arrow
27:11 Bloodlines
27:17 Padded Archer Armor
27:25 Husbandry
28:35 Hand Cart
29:27 Bracer
30:29 Chemistry
29:36 Thumb Ring
30:06 Elite Mangudai
31:25 Conscription
31:41 Onager
32:39 Leather Archer Armor
34:47 Siege Onager
39:14 Drill
39:22 Capped Ram
42:03 Siege Ram
47:52 Parthian Tactics
BruToO
10:52 Feudal Age
13:33 Castle Age
11:44 Double-Bit Axe
13:19 Horse Collar
15:18 Wheelbarrow
16:38 Bow Saw
18:55 Heavy Plow
23:22 Hand Cart
23:38 Gold Mining
27:15 Imperial Age
24:53 Loom
26:04 Stone Mining
27:37 Husbandry
27:48 Bloodlines
28:39 Stone Shaft Mining
28:40 Gold Shaft Mining
28:57 Crop Rotation
28:36 Siege Engineers
29:31 Chemistry
28:56 Conscription
29:31 Elite Ballista Elephant
31:04 Coinage
30:49 Light Cavalry
31:33 Double Crossbow
32:02 Masonry
33:21 Scale Barding Armor
33:26 Forging
33:53 Hussar
34:54 Chain Barding Armor
35:15 Banking
38:18 Plate Barding Armor
37:35 Elite Battle Elephant
40:13 Iron Casting
40:29 Hoardings
39:59 Tusk Swords
41:21 Architecture
43:52 Caravan
46:50 Blast Furnace
46:36 Ballistics
46:28 Fletching
Connection lost

Rejoining the realm…

Still unreachable

The connection could not be restored.

Session expired

The server has moved on; the page needs a fresh start.